 Dungeon Crawl Stone Soup version 0.28.0-45-g0d030f2227 (webtiles) character file.

Game seed: 664480892488079485

49 raph the Chopper (level 3, -5/31 HPs)
             Began as a Minotaur Fighter on Apr 19, 2022.
             Was a Believer of Wu Jian.
             Killed from afar by Sigmund (9 damage)
             ... with a puff of flame
             ... on level 2 of the Dungeon.
             The game lasted 00:02:33 (1228 turns).

raph the Chopper (Minotaur Fighter)                 Turns: 1228, Time: 00:02:33

Health: -5/31      AC:  9    Str: 20    XL:     3   Next: 51%
Magic:  2/2        EV:  9    Int:  5    God:    Wu Jian [**....]
Gold:   30         SH:  4    Dex: 11    Spells: 2/2 levels left

rFire   . . .      SeeInvis .   a - +0 war axe
rCold   . . .      Faith    .   c - +0 buckler
rNeg    . . .      Spirit   .   b - +0 scale mail
rPois   .          Reflect  .   (helmet restricted)
rElec   .          Harm     .   (no cloak)
rCorr   .          Rampage  .   k - +0 pair of gloves
Will    .....                   j - +0 pair of boots
Stlth   ..........              (no amulet)
HPRegen 0.10/turn               (no ring)
MPRegen 0.08/turn               (no ring)

@: no status effects
A: horns 2, retaliatory headbutt
a: Renounce Religion, Wall Jump


You were on level 2 of the Dungeon.
You worshipped Wu Jian.
Wu Jian was pleased with you.
You visited 1 branch of the dungeon, and saw 2 of its levels.

You collected 60 gold pieces.
You spent 30 gold pieces at shops.

Inventory:

Hand Weapons
 a - a +0 war axe (weapon)
Armour
 b - a +0 scale mail (worn)
 c - a +0 buckler (worn)
 j - a +0 pair of boots (worn)
 k - a +0 pair of gloves (worn)
Wands
 i - a wand of charming (10)
Scrolls
 e - 2 scrolls of enchant weapon {unknown}
 g - 2 scrolls of teleportation
Potions
 d - a potion of might
 f - 3 potions of curing {unknown}
 h - 2 potions of lignification {unknown}
 l - a potion of degeneration {unknown}


   Skills:
 - Level 3.6 Fighting
 + Level 4.8 Axes
 - Level 3.6 Armour
 - Level 3.6 Shields


You had 2 spell levels left.
You didn't know any spells.
Your spell library was empty.

Dungeon Overview and Level Annotations

Branches:
Dungeon (2/15)

Altars:
Wu Jian

Shops:
D:1 ?

Annotations:
D:2 Sigmund


Innate Abilities, Weirdness & Mutations

You have a pair of horns on your head.
You reflexively headbutt those who attack you in melee.


Message History

You lunge at the rat.
You closely miss the rat. The rat bites you but does no damage.
You hit the rat.
The rat is heavily wounded.
The rat bites you but does no damage. x2
You barely miss the rat.
The rat is heavily wounded.
The rat misses you.
You hit the rat.
You kill the rat!
The Council accepts your kill.
No target in view!
No target in view!
You see here a rat corpse.
Sigmund the Dreaded comes into view.
He is wielding a +0 scythe and carrying a wand of flame (12).
Sigmund hits you from afar with a +0 scythe!
You block Sigmund's attack.
You spin and attack Sigmund.
You closely miss Sigmund.
You spin and attack Sigmund.
You hit Sigmund but do no damage. Your headbutt misses Sigmund.
Sigmund zaps a wand.
The puff of flame hits you.
You spin and attack Sigmund.
You hit Sigmund.
Sigmund is lightly wounded.
Sigmund zaps a wand.
The puff of flame hits you but does no damage.
You spin and attack Sigmund.
You hit Sigmund. Your headbutt misses Sigmund.
Sigmund is lightly wounded.
Sigmund points at you and mumbles some strange words.
The puff of flame hits you!
You spin to attack Sigmund, but your attack speed is too slow for a blow to land.
Sigmund completely misses you. You furiously retaliate!
You headbutt Sigmund.
You spin and attack Sigmund.
You hit Sigmund.
Sigmund is moderately wounded.
Sigmund laughs darkly.
Sigmund hits you with a +0 scythe.
* * * LOW HITPOINT WARNING * * *
You barely miss Sigmund. You headbutt Sigmund.
Sigmund is moderately wounded.
Sigmund smiles chillingly.
Sigmund zaps a wand.
The puff of flame hits you!
You die...

######.# #.####### #......#
#...†...# #......# #.#####.#
#......# #.# #.#
#......##########.##########
#......#>..........<........
#####......#.#####.##......###.#
#................#.#######.###.#
#..............@@..............#
#.....######.##....#####...###.#
#............##....#.......#####
#.......)....##....#............
#####...).....####..###....######
......#######.# #.....#....# #
.#######.<.##.####.......##.# #
#..........####...##.#####
#......†...####....#......


You could see Sigmund.

Vanquished Creatures
  2 adders (D:2)
  2 ball pythons
  An endoplasm (D:1)
  2 giant cockroaches
  4 hobgoblins
  A quokka (D:1)
  4 bats
  2 frilled lizards
  5 kobolds
  8 rats
31 creatures vanquished.

Notes
Turn   | Place    | Note
-------+----------+-------------------------------------------
     0 | D:1      | raph the Minotaur Fighter began the quest for the Orb.
     0 | D:1      | Reached XP level 1. HP: 19/19 MP: 0/0
    80 | D:1      | Found a faded altar of an unknown god.
    94 | D:1      | Reached skill level 3 in Axes
   100 | D:1      | Prayed at the altar of an unknown god.
   100 | D:1      | Became a worshipper of the Wu Jian Council
   100 | D:1      | Reached * piety under Wu Jian
   244 | D:1      | Reached XP level 2. HP: 21/26 MP: 1/1
   587 | D:1      | Found Qafitoh's Magic Scroll Shop.
   590 | D:1      | Bought a scroll of teleportation for 30 gold pieces
   782 | D:2      | Reached skill level 4 in Axes
   817 | D:2      | Reached XP level 3. HP: 29/31 MP: 2/2
  1177 | D:2      | Reached ** piety under Wu Jian
  1220 | D:2      | Noticed Sigmund
  1228 | D:2      | Killed from afar by Sigmund

Illustrated notes

Levels and vault maps discovered:
D:1:      shiori_arrival_elements, layout_loops_ring, basic_ecumenical_altar,
          serial_shops, nicolae_shop_trees
D:2:      layout_basic, uniq_sigmund

Skill      XL: |  1  2 |
---------------+-------+-----
Axes           | 3 4 |  4.8
Fighting       | |  3.6
Armour         | |  3.6
Shields        | |  3.6

Action                   || total
-------------------------++-------
Melee: War axe           ||    86
       Headbutt          ||     7
Invok: Whirlwind         ||    31
       Lunge             ||     7
Armor: Scale mail        ||    34
Dodge: Dodged            ||    28
Block: Buckler           ||    15
